[Event "*** Titled Tuesday Blitz"]
[Site "Chess.com"]
[Date "2019.02.05"]
[Round "6"]
[White "yuki_chess123"]
[Black "aquaticpineapples"]
[Result "1-0"]
[WhiteElo "2010"]
[BlackElo "2111"]
[TimeControl "180+2"]
[EndTime "14:23:35 PST"]
[Termination "yuki_chess123 won by checkmate"]

1. e4 d5 2. Nc3 e6 3. Nf3 Nf6 4. e5 Nfd7 5. d4 c5 6. Nb5 a6 7. Nd6+ Bxd6 8. exd6 Qb6 9. Bd3 Qxd6 10. c3 h6 11. h4 O-O 12. Rh3 e5 13. dxe5 Nxe5 14. Rg3 Nxd3+ 15. Qxd3 Re8+ 16. Kf1 Bd7 17. c4 Nc6 18.
Qxd5 Qxd5 19. cxd5 Nb4 20. Bxh6 g6 21. Rd1 Nxa2 22. Be3 Rac8 23. h5 Bf5 24. hxg6 fxg6 25. Nh4 Kf7 26. Rf3 Kf6 27. g4 Rh8 28. Nxf5 gxf5 29. Rxf5+ Kg6 30. Ke2 c4 31. Bd4 Rhe8+ 32. Kf3 b5 33. Rf6+ Kg5 34. Rh1 Rh8 35. Rxh8 Rxh8 36. Rf5+ Kg6 37. Bxh8 b4 38. d6 c3 39. bxc3 b3 40. c4 Nb4 41. d7 Nc6 42. Rf6+ Kh7 43. Rxc6 Kxh8 44. d8=Q+ Kg7 45. Qd7+ Kg8 46. Rc8# 1-0

[Event "*** Titled Tuesday Blitz"]
[Site "Chess.com"]
[Date "2019.02.05"]
[Round "6"]
[White "Polish_fighter3000"]
[Black "GataKamsky1974"]
[Result "1-0"]
[WhiteElo "3010"]
[BlackElo "2735"]
[TimeControl "180+2"]
[EndTime "14:23:37 PST"]
[Termination "Polish_fighter3000 won by resignation"]

1. e4 e5 2. Nf3 Nc6 3. Bc4 Bc5 4.
d3 Nf6 5. c3 a6 6. Bb3 Ba7 7. Nbd2 d6 8. Nf1 Ng4 9. d4 O-O 10. Ng3 Qf6 11. h3 Nh6 12. Bg5 Qg6 13. Qd2 Na5 14. Bd5 c6 15. Nh4 cxd5 16. Nxg6 fxg6 17.
b3 exd4 18. O-O Nf7 19. cxd4 Nc6 20. exd5 Nxg5 21. dxc6 Ne6 22. d5 Nd4 23. Ne2 Nf5 24. cxb7 Bxb7 25. Rac1 Rf7 26. Nf4 Ng3 27. Rfe1 Raf8 28.
Kh2 Rxf4 29. fxg3 Rd4 30. Qe2 Bxd5 31. Rc7 Bb6 32. Rd7 Re4 33. Qxe4 Bxe4 34. Rxe4 h5 35. Rxd6 Bc5 36. Rc6 Bf2 37. Rxa6 Rd8 38. Re2 Bc5 39. Rc6 Ba7 40. Re7 Bf2 41. Rxg6 Rd1 42. Rgxg7+ Kh8 43. Rh7+ Kg8 44. Reg7+ Kf8 45. Rf7+ Kg8 46. Rxf2 Kxh7 47.
Rf5 Kg6 48. Rb5 Ra1 49. a4 Kh6 50. a5 Kg6 51. b4 Kh6 52. Rb6+ Kg5 53. a6 1-0

[Event "*** Titled Tuesday Blitz"]
[Site "Chess.com"]
[Date "2019.02.05"]
[Round "6"]
[White "TakeMyPieces97"]
[Black "Bauxi435"]
[Result "0-1"]
[WhiteElo "2269"]
[BlackElo "2443"]
[TimeControl "180+2"]
[EndTime "14:23:39 PST"]
[Termination "Bauxi435 won by checkmate"]

1. e4 c5 2. Nf3 e6 3. Nc3 Nc6 4.
d4 cxd4 5. Nxd4 Nf6 6. Nxc6 bxc6 7. e5 Nd5 8. Ne4 Qc7 9. f4 Qb6 10.
c4 Bb4+ 11. Ke2 f5 12. Nf2 Ba6 13. Kf3 Ne7 14. Be3 Bc5 15. Bxc5 Qxc5 16. Qd6 Qb6 17.
b3 c5 18. Nd3 Rc8 19. h4 Rc6 20. Nxc5 Qxc5 21. Qxc5 Rxc5 22. Ke3 Kf7 23. Be2 Rd8 24.
b4 Rc7 25. c5 Bxe2 26. Kxe2 Nd5 27. Rab1 Nxf4+ 28. Ke3 Nd5+ 29. Kd4 Rb8 30. b5 Ke7 31. a4 f4 32. a5 Rbc8 33. Rhc1 Rb7 34. a6 Rbb8 35. Rc2 g6 36. Rcb2 f3 37. gxf3 Rf8 38.
b6 Rf4+ 39. Kd3 Ra4 40. bxa7 Ra8 41. Rb7 Rxa6 42. R1b6 R8xa7 43. Rxa6 Rxa6 44. Ke4 Ra4+ 45. Kd3 Nb4+ 46. Ke2 Nc6 47. Kd3 Nxe5+ 48. Ke3 Nc6 49.
Kd3 Rxh4 50. Ke3 h5 51. Rb1 Rc4 52. Rg1 Kf6 53. Rd1 Ne5 54. f4 Ng4+ 55. Kf3 Rc3+ 56.
Ke2 Rxc5 57. Rxd7 h4 58. Kf3 Nh6 59. Rh7 Nf5 60. Kg4 Rc3 61. Rf7+ Kxf7 62. Kg5 Rg3# 0-1

[Event "*** Titled Tuesday Blitz"]
[Site "Chess.com"]
[Date "2019.02.05"]
[Round "6"]
[White "champ2005"]
[Black "sergoy"]
[Result "0-1"]
[WhiteElo "2598"]
[BlackElo "2805"]
[TimeControl "180+2"]
[EndTime "14:23:40 PST"]
[Termination "sergoy won by resignation"]

1. e4 c5 2. Na3 a6 3. c3 e6 4.
g3 b5 5. Bg2 Bb7 6. Ne2 Nf6 7.
d3 d5 8. exd5 Bxd5 9. O-O Bxg2 10. Kxg2 Nc6 11. Nc2 Be7 12. d4 O-O 13. dxc5 Bxc5 14.
Be3 Bxe3 15. Nxe3 Qb6 16. Qc2 Rac8 17. Rad1 Qb7 18. f3 Nb4 19. Qd2 Nbd5 20. Nxd5 Nxd5 21. Nf4 Rfd8 22. Rfe1 h6 23. Qd4 Qc7 24. Nh5 f6 25.
Qe4 Re8 26. Nf4 Nxf4+ 27. Qxf4 e5 28. Qg4 Rcd8 29. h4 Qc4 30. Qxc4+ bxc4 31. g4 Kf7 32. h5 Ke6 33. Kf2 Rb8 34. Rd2 Red8 35.
Ree2 a5 36. Ke3 a4 37. Rxd8 Rxd8 38. Rd2 Rxd2 39. Kxd2 f5 40. Kc2 fxg4 41. fxg4 Kd5 42. Kd2 Ke4 43. Kc2 Kf3 44. b3 cxb3+ 45. axb3 axb3+ 46. Kxb3 e4 0-1

[Event "*** Titled Tuesday Blitz"]
[Site "Chess.com"]
[Date "2019.02.05"]
[Round "6"]
[White "vgyogi"]
[Black "Shivagami"]
[Result "0-1"]
[WhiteElo "2130"]
[BlackElo "2151"]
[TimeControl "180+2"]
[EndTime "14:23:44 PST"]
[Termination "Shivagami won by resignation"]

1. d4 d5 2. Bf4 Nf6 3. e3 c5 4. Nd2 Qb6 5. dxc5 Qxb2 6. Ngf3 Nc6 7.
c4 Bf5 8. cxd5 Nxd5 9. Qc1 Qxc1+ 10. Rxc1 Ncb4 11. Bb5+ Bd7 12. Bxd7+ Kxd7 13. O-O f6 14. Rfd1 Nd3 15. Rb1 Kc8 16. Bg3 Nc3 17. Nc4 Nxd1 18.
Rxd1 Nxc5 19. Rc1 e5 20. Nfd2 Kd7 21. f4 exf4 22. exf4 Be7 23. Nf3 Kc7 24. f5+ Kc6 25. Nd4+ Kd5 26. Ne6 Nxe6 27. fxe6 Rac8 28. Ne3+ Kxe6 29.
Re1 Kf7 30. Nd5 Bc5+ 31. Kh1 Rhd8 32. Nf4 Re8 33. Rf1 Rcd8 34. h3 Rd2 35. Rc1 b6 36.
a4 Red8 37. Kh2 Rd1 38. Rxd1 Rxd1 0-1

[Event "*** Titled Tuesday Blitz"]
[Site "Chess.com"]
[Date "2019.02.05"]
[Round "6"]
[White "gmcorrales"]
[Black "mishanick"]
[Result "1-0"]
[WhiteElo "2756"]
[BlackElo "3000"]
[TimeControl "180+2"]
[EndTime "14:23:46 PST"]
[Termination "gmcorrales won by resignation"]

1. e4 c5 2. Nf3 d6 3. d4 cxd4 4. Nxd4 Nf6 5. f3 e5 6. Nb3 Be6 7. c4 Nbd7 8. Nc3 Rc8 9. Be3 Bxc4 10. Bxc4 Rxc4 11. Qd3 Rc6 12. Bxa7 Be7 13. a4 O-O 14.
Be3 Qa8 15. O-O Rfc8 16. Rfd1 Nb6 17. Bxb6 Rxb6 18. Nb5 Rbc6 19. Nc3 Bd8 20. a5 Ra6 21. Qb5 h5 22. Qb4 Rcc6 23. h3 h4 24. Kh2 Qc8 25. Rd2 Nh5 26. Nd5 Bg5 27. Rad1 Nf4 28. Nb6 Qc7 29. Rxd6 Rc2 30. R1d2 Rxd2 31. Qxd2 Nxh3 32.
Qd5 Nf2 33. Rd7 Bf4+ 34. Kg1 Qxd7 35. Qxd7 Be3 36. Kf1 Nh1 37. Qd8+ Kh7 38. Qxh4+ Kg6 39. Qxh1 1-0

[Event "*** Titled Tuesday Blitz"]
[Site "Chess.com"]
[Date "2019.02.05"]
[Round "6"]
[White "Maikrosoft63"]
[Black "ajkom197"]
[Result "1-0"]
[WhiteElo "2568"]
[BlackElo "2431"]
[TimeControl "180+2"]
[EndTime "14:23:47 PST"]
[Termination "Maikrosoft63 won by resignation"]

1. e4 c6 2. d4 d5 3. exd5 cxd5 4. Bf4 Nc6 5. c3 Nf6 6. Nd2 Bf5 7. Qb3 Qc8 8. Ngf3 a6 9. h3 e6 10. Nh4 Be4 11. Nxe4 Nxe4 12. Nf3 Bd6 13. Be3 O-O 14. Bd3 f5 15. O-O b5 16. Rae1 Na5 17. Qc2 Qd7 18. Ne5 Bxe5 19. dxe5 Rac8 20. f3 Ng3 21. Rf2 Nc4 22.
Bd4 h6 23. Kh2 Nh5 24. f4 g6 25. b3 Na5 26. Qd2 Nc6 27. Bc5 Rf7 28. Bd6 Kh7 29.
c4 bxc4 30. bxc4 d4 31. c5 Qd8 32. Bxa6 Ra8 33. Bb5 Ne7 34. Qxd4 Nd5 35. Bc6 Ra3 36. Bxd5 exd5 37. e6 Qh4 38. exf7 Rxh3+ 39. gxh3 Qg3+ 40. Kh1 Qxh3+ 41. Kg1 Ng3 42. Qh8+ 1-0

[Event "*** Titled Tuesday Blitz"]
[Site "Chess.com"]
[Date "2019.02.05"]
[Round "6"]
[White "TrimitziosP7"]
[Black "GianmarcoVaR"]
[Result "1-0"]
[WhiteElo "2689"]
[BlackElo "2598"]
[TimeControl "180+2"]
[EndTime "14:23:49 PST"]
[Termination "TrimitziosP7 won by checkmate"]

1. d4 Nf6 2. c4 e6 3. Nf3 b6 4.
a3 Ba6 5. Qc2 c5 6. d5 exd5 7.
cxd5 g6 8. Nc3 Bg7 9. g3 O-O 10. Bg2 d6 11. O-O Re8 12. Re1 b5 13. e4 Nbd7 14. Bf4 Qb6 15. h3 Nh5 16. Be3 Qc7 17. Rac1 Rab8 18. Nd2 b4 19. axb4 Rxb4 20. Ra1 Qb7 21.
Reb1 Ne5 22. Bf1 Bxf1 23. Kxf1 Rb8 24. Ra2 Nc4 25. Nxc4 Rxc4 26. Rba1 Bd4 27. Bd2 Qe7 28. Kg2 Qf6 29. Be1 Rcb4 30. Qe2 c4 31. Nd1 Rb3 32.
Rxa7 Bxa7 33. Rxa7 Qg5 34. Bd2 Qe5 35. Bc3 Qg5 36. Qf3 R3b7 37. Ra6 Qe7 38. Ne3 Rc7 39.
Ng4 f5 40. exf5 Rf8 41. Nh6# 1-0

[Event "*** Titled Tuesday Blitz"]
[Site "Chess.com"]
[Date "2019.02.05"]
[Round "6"]
[White "HElissalt"]
[Black "flomarechot"]
[Result "1-0"]
[WhiteElo "2120"]
[BlackElo "2060"]
[TimeControl "180+2"]
[EndTime "14:23:54 PST"]
[Termination "HElissalt won by checkmate"]

1. d4 Nf6 2. c4 g6 3. Nc3 Bg7 4. e4 d6 5. Be2 O-O 6. Be3 e5 7.
d5 a5 8. g4 Na6 9. h4 Nd7 10. h5 Ndc5 11. hxg6 fxg6 12. Nh3 Bd7 13. f3 c6 14. dxc6 Bxc6 15. Nd5 Nb4 16. Nf2 Nxd5 17. exd5 Bd7 18. Bxc5 dxc5 19. Ne4 Qb6 20. Qd2 Rf4 21.
O-O-O Bxg4 22. Ng5 Rd4 23. Qe3 Bh5 24. Ne6 Rxd1+ 25.
Bxd1 Bf6 26. Bc2 e4 27. b3 Qb4 28. fxe4 Qa3+ 29. Kd2 Qb4+ 30. Kc1 a4 31. e5 axb3 32.
Bxb3 Bd8 33. Kc2 b5 34. Qh6 Bf6 35. exf6 Rxa2+ 36. Bxa2 Qa4+ 37. Bb3 Qa7 38. Qf8# 1-0

[Event "*** Titled Tuesday Blitz"]
[Site "Chess.com"]
[Date "2019.02.05"]
[Round "6"]
[White "Supelyel"]
[Black "andy_rekt"]
[Result "0-1"]
[WhiteElo "2319"]
[BlackElo "2184"]
[TimeControl "180+2"]
[EndTime "14:23:54 PST"]
[Termination "andy_rekt won by resignation"]

1. c4 e5 2. Nc3 Nf6 3. Nf3 Nc6 4. g3 Bb4 5. Bg2 O-O 6. Nd5 Re8 7. Nxb4 Nxb4 8.
O-O d5 9. a3 Nc6 10. cxd5 Nxd5 11. d3 Bg4 12. Bg5 Qd7 13. Re1 Nd4 14. Rc1 Bxf3 15.
exf3 Qf5 16. Be3 c6 17. b4 Rad8 18. Bxd4 exd4 19. Qd2 Nc3 20. f4 g6 21. Bf3 Kf8 22. Kg2 Rxe1 23. Rxe1 Re8 24. Rc1 h5 25. h3 Qf6 26. g4 h4 27. f5 gxf5 28. Qf4 Kg7 29. g5 Qg6 30. Qxh4 f6 31. Bh5 Qxg5+ 32. Qxg5+ fxg5 33. Bxe8 Ne2 34. Rc5 Kf6 35. Kf3 Nf4 36. h4 Nxd3 37. hxg5+ Kxg5 38. Rc4 Ne5+ 39. Ke2 Nxc4 40.
Kd3 Nd6 41. Bd7 Kf4 42. Kxd4 Nb5+ 43. Kc5 Nxa3 44. Kd6 Nc2 45. Kc5 Ke5 46. Bc8 b6+ 47. Kc4 f4 48. Bb7 Kd6 49. Bc8 c5 50. b5 Na3+ 0-1

[Event "*** Titled Tuesday Blitz"]
[Site "Chess.com"]
[Date "2019.02.05"]
[Round "6"]
[White "Jospem"]
[Black "CaptainCasanova"]
[Result "0-1"]
[WhiteElo "2876"]
[BlackElo "2784"]
[TimeControl "180+2"]
[EndTime "14:23:55 PST"]
[Termination "CaptainCasanova won by checkmate"]

1. c4 Nf6 2. Nf3 g6 3. g3 Bg7 4. Bg2 O-O 5. O-O d6 6. d4 Nc6 7.
Nc3 Bf5 8. Nh4 Bd7 9. e4 e5 10. d5 Nd4 11. Ne2 Re8 12. Be3 Ng4 13. Nxd4 Nxe3 14.
fxe3 exd4 15. exd4 Qg5 16. Qd3 c6 17. Nf3 Qd8 18.
dxc6 bxc6 19. Rae1 Qb6 20. b3 Bg4 21. Kh1 Re7 22. e5 Rae8 23. exd6 Rxe1 24. Rxe1 Rxe1+ 25. Nxe1 Bxd4 26. Qe4 Be6 27. Qxc6 Qa5 28. Qa8+ Kg7 29. Qe4 Bf2 30. Nd3 Qxa2 31. Qe5+ Kg8 32. Bd5 Bxd5+ 33. Qxd5 Qe2 34. Qg2 Qd1+ 35. Qf1 Qxf1# 0-1

[Event "*** Titled Tuesday Blitz"]
[Site "Chess.com"]
[Date "2019.02.05"]
[Round "6"]
[White "Kostya_Nikologorskiy"]
[Black "r31415"]
[Result "1-0"]
[WhiteElo "2415"]
[BlackElo "2283"]
[TimeControl "180+2"]
[EndTime "14:23:55 PST"]
[Termination "Kostya_Nikologorskiy won by resignation"]

1. e4 e5 2. Nf3 Nc6 3. Bb5 Nf6 4.
O-O Nxe4 5. Re1 Nd6 6. Nxe5 Be7 7.
Ba4 Nf5 8. d4 Nfxd4 9. c3 Ne6 10. Nxc6 dxc6 11. Qh5 O-O 12. Nd2 Nf4 13. Qf3 Nd3 14.
Rd1 Nxc1 15. Raxc1 Be6 16. Ne4 Qc8 17. h3 Rd8 18.
Bc2 Rxd1+ 19. Rxd1 Qe8 20. Re1 Rd8 21. Qh5 h6 22. f4 Rd5 23. Qf3 Qd8 24. c4 Rd7 25. f5 Bxc4 26. f6 Bf8 27. Qg4 Be6 28. Qg3 Rd4 29. Nc5 Qxf6 30. Nxe6 fxe6 31. Rf1 Qe7 32. Qg6 Rf4 33. Rxf4 Qc5+ 34. Kh2 Qxc2 35. Qxc2 Bd6 36. g3 1-0

[Event "*** Titled Tuesday Blitz"]
[Site "Chess.com"]
[Date "2019.02.05"]
[Round "6"]
[White "Keaton87"]
[Black "Kumi29"]
[Result "0-1"]
[WhiteElo "2532"]
[BlackElo "2453"]
[TimeControl "180+2"]
[EndTime "14:23:56 PST"]
[Termination "Kumi29 won on time"]

1. d4 f5 2. Nc3 Nf6 3. Bg5 d5 4. e3 e6 5. Nf3 a6 6. Bd3 c5 7. O-O Nc6 8. dxc5 Bxc5 9. Ne2 O-O 10. c4 dxc4 11. Bxc4 b5 12. Bb3 Na5 13. Rc1 Nxb3 14. Qxb3 Qb6 15. Nfd4 Kh8 16. Bxf6 Rxf6 17. Nf4 g5 18.
Rxc5 Qxc5 19. Nfxe6 Bxe6 20. Nxe6 Qc4 21. Nxg5 Qxb3 22.
axb3 Rc8 23. Nf3 Rc2 24. Nd4 Rxb2 25. g3 a5 26. Ra1 Ra6 27. Ra3 a4 28. bxa4 Rxa4 29.
Rc3 Ra1+ 30. Kg2 Raa2 31. Rc8+ Kg7 32. Rc7+ Kf6 33. Rc6+ Kf7 34. Rc7+ Ke8 35. g4 Rxf2+ 36. Kg3 Rg2+ 37. Kf4 fxg4 38. Ke5 b4 39. Ne6 Ra5+ 40. Kd6 Rd2+ 41. Nd4 b3 0-1

[Event "*** Titled Tuesday Blitz"]
[Site "Chess.com"]
[Date "2019.02.05"]
[Round "6"]
[White "Grischuk"]
[Black "Ginger_GM"]
[Result "1-0"]
[WhiteElo "3047"]
[BlackElo "2612"]
[TimeControl "180+2"]
[EndTime "14:23:57 PST"]
[Termination "Grischuk won by resignation"]

1. e4 e6 2. Nf3 d5 3. Nc3 d4 4. Ne2 c5 5. Ng3 h5 6. Bc4 h4 7. Ne2 Nc6 8. d3 Be7 9. h3 Nf6 10. c3 a6 11. Bg5 Nd7 12. Bxe7 Qxe7 13. cxd4 cxd4 14. Rc1 Nde5 15. Nxe5 Nxe5 16. f4 Nxc4 17. Rxc4 e5 18. fxe5 Qxe5 19. O-O b5 20. Rxd4 Be6 21. Qd2 g5 22. a4 O-O 23. axb5 axb5 24. Rb4 Rfd8 25.
Qe3 Rac8 26. d4 Qg7 27. Rxb5 f6 28. d5 Bd7 29. Rb6 Rf8 30. Nd4 Qe7 31. Ne6 Rf7 32.
b4 Bxe6 33. Rxe6 Qxb4 34. Rexf6 Rg7 35. Qf3 Qd4+ 36. Kh1 Re8 37. Qh5 Qxe4 38. Rh6 Rh7 39. Rxh7 1-0

[Event "*** Titled Tuesday Blitz"]
[Site "Chess.com"]
[Date "2019.02.05"]
[Round "6"]
[White "leoo2001"]
[Black "Sebastian"]
[Result "1-0"]
[WhiteElo "2788"]
[BlackElo "2870"]
[TimeControl "180+2"]
[EndTime "14:23:57 PST"]
[Termination "leoo2001 won by resignation"]

1. e4 c5 2. Nf3 d6 3. d4 cxd4 4. Nxd4 Nf6 5. Nc3 a6 6. h3 e5 7.
Nf3 Be7 8. Bc4 O-O 9. O-O Nc6 10.
Bg5 Be6 11. Bb3 Na5 12. Qd3 Nxb3 13. axb3 Nh5 14. Be3 f5 15. Rfd1 f4 16. Bd2 Qe8 17.
Nd5 Bxd5 18. Qxd5+ Qf7 19. Qd3 h6 20. c4 Nf6 21. Bb4 Rad8 22. Rd2 g5 23. Qe2 Qg6 24. Re1 Qf7 25. Ba3 Qe6 26. Red1 Rd7 27. Nh2 Rfd8 28. Ng4 Ne8 29. f3 h5 30. Nf2 Nf6 31. b4 Kf7 32. b3 Rg8 33. Bb2 Rc8 34. Rc2 Rcd8 35. Rd3 Rg8 36. Rcd2 Rgd8 37. Qd1 Ke8 38. Qa1 Kf7 39. Qa5 Rg8 40. b5 axb5 41. Qxb5 g4 42. hxg4 hxg4 43. fxg4 Nxg4 44. Nxg4 Qxg4 45. c5 Qh4 46. Rf2 Rh8 47. Rh3 Qf6 48. Rxh8 Qxh8 49. Qxd7 Qh5 50. Rf1 Qg6 51.
Qf5+ Qxf5 52. exf5 Kf6 53. cxd6 Bxd6 54. Rxf4 Bc5+ 55.
Kf1 1-0

[Event "*** Titled Tuesday Blitz"]
[Site "Chess.com"]
[Date "2019.02.05"]
[Round "6"]
[White "Vuks91"]
[Black "goodluck06"]
[Result "0-1"]
[WhiteElo "2420"]
[BlackElo "2469"]
[TimeControl "180+2"]
[EndTime "14:23:59 PST"]
[Termination "goodluck06 won by resignation"]

1. e4 Nc6 2. Nf3 d6 3. d4 Nf6 4. Nc3 g6 5. Be3 Bg7 6. Qd2 Ng4 7. Bg5 h6 8. Bh4 g5 9. Bg3 Nf6 10. d5 Nb8 11. h4 g4 12. Nd4 Nh5 13. Nce2 c5 14.
dxc6 Nxc6 15. c3 Nxd4 16. Nxd4 Qb6 17. Be2 Nxg3 18. fxg3 Be5 19. O-O-O Bd7 20. Nf5 Bxf5 21. exf5 h5 22. Qd5 Rc8 23. Bb5+ Kf8 24. Bc4 Rh7 25.
Rhe1 Rc5 26. Qd3 Rh6 27. Bb3 Qc7 28. Kb1 b5 29. Qe3 Rh7 30. Qe4 Kg7 31. Rd5 Bf6 32. Rd3 Rh8 33. Qe3 a5 34. Bd5 a4 35. Qd2 Rc8 36. Be4 a3 37. b3 Rxc3 38. Rd1 Rc2 0-1

[Event "*** Titled Tuesday Blitz"]
[Site "Chess.com"]
[Date "2019.02.05"]
[Round "6"]
[White "Sashadav97"]
[Black "SantoBlue"]
[Result "0-1"]
[WhiteElo "2634"]
[BlackElo "2734"]
[TimeControl "180+2"]
[EndTime "14:24:00 PST"]
[Termination "SantoBlue won by resignation"]

1. d4 Nf6 2. c4 e6 3. Nc3 Bb4 4. e3 O-O 5. Bd3 d5 6. Nf3 c5 7. cxd5 cxd4 8. exd4 exd5 9. O-O h6 10.
h3 Nc6 11. Bf4 Bd6 12. Qd2 a6 13. Bxh6 Re8 14. Bg5 Be6 15. a3 Na5 16. Rae1 Rc8 17. Ne5 b5 18. Nd1 Nb3 19. Qf4 Be7 20. Qh4 Ne4 21. f4 Nbd2 22. Rf2 Bxg5 23. fxg5 Nxf2 24. Qh7+ Kf8 25. Qh8+ Ke7 26. Qxg7 Kd6 27. Kxf2 Rg8 28.
Nxf7+ Bxf7 29. Qxf7 Ne4+ 30. Bxe4 Rf8 31. Qxf8+ Qxf8+ 32. Bf3 Qf4 33. Ne3 Qxd4 34. Re2 Re8 35. g6 Qa7 36. g7 Rxe3 37. Rxe3 Qxg7 38. Re2 Qd4+ 39.
Kf1 a5 40. Ke1 Qg1+ 41. Kd2 Qb1 42. Ke3 Qc1+ 43. Rd2 Ke5 44. Ke2 d4 45. h4 Qc4+ 46. Kf2 d3 47. h5 Qd4+ 48. Kf1 Kf4 49. h6 Ke3 50. Rd1 d2 51. h7 Qh4 52. Kg1 Qxh7 53.
Rf1 Qh4 54. Rd1 Qe1+ 55. Kh2 Kf2 56. Kh3 Qe6+ 57. Kh4 Qf6+ 58. Kg4 Qd4+ 59. Kf5 Qxb2 60. Ke4 Qc2+ 61. Kd4 b4 62. axb4 axb4 0-1

[Event "*** Titled Tuesday Blitz"]
[Site "Chess.com"]
[Date "2019.02.05"]
[Round "6"]
[White "Tiqr777"]
[Black "Shukh_Nikolay"]
[Result "0-1"]
[WhiteElo "2566"]
[BlackElo "2388"]
[TimeControl "180+2"]
[EndTime "14:24:03 PST"]
[Termination "Shukh_Nikolay won by resignation"]

1. e4 e5 2. Nc3 Nc6 3. g3 Nf6 4. Bg2 Bc5 5. d3 O-O 6. Nge2 Nd4 7. O-O c6 8. h3 d5 9. exd5 cxd5 10.
Nxd4 Bxd4 11. Ne2 Bb6 12. c3 Be6 13. d4 e4 14. Be3 Qd7 15. Nf4 Bf5 16. g4 Be6 17.
Nxe6 Qxe6 18. Qd2 Bc7 19. Bf4 Rac8 20. Bxc7 Rxc7 21. Rae1 b5 22. a3 a5 23. f3 Rfc8 24. fxe4 Nxe4 25. Bxe4 dxe4 26. Qf4 Re7 27. Re3 Rce8 28.
Rfe1 h6 29. Kg2 Qc6 30. R1e2 Qd5 31. Rf2 b4 32. axb4 axb4 33. Qf5 Qc4 34. h4 bxc3 35.
bxc3 Ra8 36. g5 h5 37. Rb2 g6 38. Qb5 Qc8 39. Qe2 Qf5 40. Rb5 Qf4 41. Qf2 Qg4+ 42. Kh2 Ra1 43. d5 Rd1 44. c4 Rd3 45. Rb3 Rd1 46.
Rb6 Ra7 47. d6 Ra2 48. Qxa2 Qg1+ 49. Kh3 Qxe3+ 50. Kg2 Qxb6 0-1

[Event "*** Titled Tuesday Blitz"]
[Site "Chess.com"]
[Date "2019.02.05"]
[Round "6"]
[White "GM_dmitrij"]
[Black "Zhuu96"]
[Result "0-1"]
[WhiteElo "2772"]
[BlackElo "2870"]
[TimeControl "180+2"]
[EndTime "14:24:04 PST"]
[Termination "Zhuu96 won by resignation"]

1. e4 c5 2. Nf3 d6 3. Bb5+ Nd7 4. O-O Nf6 5. Re1 a6 6. Bd3 e6 7. c3 b5 8. Bc2 Bb7 9. d4 Be7 10. Nbd2 Rc8 11. Nf1 Qc7 12. Bd3 e5 13. Bg5 h6 14.
Bd2 exd4 15. cxd4 cxd4 16. Ng3 Nc5 17. Rc1 Qd7 18. Bb1 d3 19. Nf5 Bxe4 20. Nxe7 Kxe7 21. b4 Ne6 22. Bc3 Rc4 23. Bxd3 Bxd3 24. Qxd3 Rhc8 25. Nd4 Kf8 26. Nf5 d5 27. Qg3 d4 28. Bd2 Ne4 29. Qd3 Nxd2 30. Qxd2 Rxc1 31. Rxc1 Rxc1+ 32. Qxc1 d3 33. Qd2 Qd5 34. Ne3 Qd4 35. h4 Nf4 36.
g3 Ne2+ 37. Kf1 Qe4 38. Ng2 Qc4 39. Ne1 Nc1 40. a3 Qd5 41. f3 Qc4 42. Kf2 Qd4+ 43. Kg2 Ne2 44. Kh3 Qf2 0-1

[Event "*** Titled Tuesday Blitz"]
[Site "Chess.com"]
[Date "2019.02.05"]
[Round "6"]
[White "ShadyH9"]
[Black "idvidal"]
[Result "1-0"]
[WhiteElo "2331"]
[BlackElo "2471"]
[TimeControl "180+2"]
[EndTime "14:24:04 PST"]
[Termination "ShadyH9 won by resignation"]

1. d4 Nf6 2. c4 e6 3. Nf3 c5 4. e3 cxd4 5. exd4 d5 6. Nc3 Nc6 7. a3 dxc4 8. Bxc4 Be7 9. O-O O-O 10. Bg5 b6 11. Qd3 Bb7 12. Rad1 Rc8 13. Ba2 Nd5 14.
Bb1 g6 15. Bh6 Re8 16. Ba2 Nxc3 17. bxc3 Na5 18. Ne5 Bg5 19. Qh3 Bxh6 20. Qxh6 Qf6 21. Rd3 Qg7 22. Qf4 Ba6 23. Rf3 Bxf1 24. Kxf1 Re7 25.
Ng4 f5 26. Ne5 Nc6 27. Nc4 Qf7 28. Nd6 Qf8 29. Nxc8 Qxc8 30. Qd6 Qd7 31. Qxd7 Rxd7 32. Bxe6+ Rf7 33. d5 Ne5 34. Re3 Ng4 35. Rd3 Nxh2+ 36. Kg1 Ng4 37. d6 Ne5 38. d7 Nc6 39. d8=Q+ Nxd8 40.
Rxd8+ 1-0

[Event "*** Titled Tuesday Blitz"]
[Site "Chess.com"]
[Date "2019.02.05"]
[Round "6"]
[White "ENEASZ"]
[Black "Redbandit87"]
[Result "0-1"]
[WhiteElo "2370"]
[BlackElo "2391"]
[TimeControl "180+2"]
[EndTime "14:24:05 PST"]
[Termination "Redbandit87 won by resignation"]

1. e4 e5 2. Nf3 Nc6 3. Bc4 Nf6 4. Ng5 d5 5. exd5 b5 6. Bf1 Nxd5 7. Bxb5 Bb7 8. d3 Be7 9. Nf3 Bf6 10. O-O O-O 11. Re1 Qd6 12. Nbd2 Nd4 13. Ne4 Nxf3+ 14. Qxf3 Qb6 15. Bc4 Rad8 16. Nxf6+ Nxf6 17. Qg3 e4 18. Be3 Qc6 19. Bxa7 Rd6 20. Be3 Nh5 21. Qh3 Rg6 22.
Kf1 Nf6 23. Ke2 exd3+ 24. Bxd3 Rxg2 25. Rg1 Rxg1 26. Rxg1 g6 27. Kd2 Rd8 28. Kc1 Rxd3 29.
Qh4 Rd6 30. Bd4 Rxd4 31. Qxd4 Nd5 32. Kb1 Nf6 33. h4 Qd6 34. Qxd6 cxd6 35. Rd1 d5 36. a4 Ne4 37. Rd4 Nxf2 38. b4 Ne4 39. b5 f5 40.
Kc1 f4 41. Kd1 f3 42. Ke1 f2+ 43. Kf1 Bc8 44. Rd1 Bh3+ 45. Ke2 Nc3+ 0-1

[Event "*** Titled Tuesday Blitz"]
[Site "Chess.com"]
[Date "2019.02.05"]
[Round "6"]
[White "ezkybel"]
[Black "Vugar_Manafov"]
[Result "0-1"]
[WhiteElo "2259"]
[BlackElo "2368"]
[TimeControl "180+2"]
[EndTime "14:24:05 PST"]
[Termination "Vugar_Manafov won on time"]

1. e4 Nf6 2. Nc3 d5 3. e5 Nfd7 4. e6 fxe6 5. d4 c5 6. Nf3 Nc6 7. Bb5 g6 8. Bxc6 bxc6 9. O-O Bg7 10. Re1 Nf6 11. dxc5 O-O 12. Be3 Qc7 13. Bd4 Qf4 14.
Be5 Qb4 15. a3 Qxc5 16. Nd4 Bd7 17. Re3 Qb6 18. b4 c5 19. bxc5 Qxc5 20. a4 Rac8 21.
h3 Qa5 22. Ncb5 a6 23. Nb3 Qd8 24. N5d4 Rc4 25. a5 Qc8 26. Nd2 Rc3 27. Nf5 exf5 28. Rxc3 Qd8 29. Nf3 Re8 30. Qd4 Nh5 31. Rb3 e6 32. Rab1 Qe7 33. Rb7 Rc8 34. Bxg7 Nxg7 35. Ne5 Rxc2 36. Rxd7 Qe8 0-1

[Event "*** Titled Tuesday Blitz"]
[Site "Chess.com"]
[Date "2019.02.05"]
[Round "6"]
[White "Frolik67"]
[Black "Babas"]
[Result "1-0"]
[WhiteElo "2533"]
[BlackElo "2333"]
[TimeControl "180+2"]
[EndTime "14:24:06 PST"]
[Termination "Frolik67 won on time"]

1. e4 c5 2. Nf3 Nc6 3. Bb5 g6 4. O-O Bg7 5. c3 e6 6. d4 cxd4 7. cxd4 d5 8. e5 h6 9. b3 Ne7 10. Ba3 O-O 11. Qd2 Bd7 12. Nc3 Re8 13.
Rac1 Rc8 14. h3 Qa5 15. Bd6 Nf5 16. Bxc6 Rxc6 17. Bc5 Qd8 18. a4 b6 19. Ba3 a6 20.
Qd3 Qa8 21. g4 Ne7 22. Ne2 Bf8 23. Nf4 Rec8 24. h4 Rxc1 25. Bxc1 Rxc1 26. Rxc1 b5 27. a5 b4 28. h5 Bb5 29. Qb1 g5 30. Nh3 Qd8 31.
Kg2 Nc6 32. Kg3 Be7 33. Qc2 Qxa5 34. Ne1 Nxd4 35. Qc8+ Kg7 36. Rc7 Ne2+ 37. Kh2 Bf8 38. Qb7 Be8 39. Rc8 Qa1 40. Rxe8 Qxe1 41. Qb8 1-0

[Event "*** Titled Tuesday Blitz"]
[Site "Chess.com"]
[Date "2019.02.05"]
[Round "6"]
[White "TomasKapitanchuk"]
[Black "ruvat"]
[Result "1-0"]
[WhiteElo "2421"]
[BlackElo "2280"]
[TimeControl "180+2"]
[EndTime "14:24:08 PST"]
[Termination "TomasKapitanchuk won by resignation"]

1. e4 d6 2. d4 Nf6 3. Nc3 g6 4. h3 Bg7 5. Nf3 O-O 6. Be2 c5 7. O-O cxd4 8. Nxd4 Nbd7 9. Bg5 a6 10. a4 Qc7 11.
Qd2 b6 12. Nd5 Nxd5 13. exd5 Nf6 14. c4 Ne4 15. Qe3 Nxg5 16. Nc6 h6 17. Nxe7+ Kh8 18. h4 Nh7 19. h5 g5 20. Bd3 Nf6 21. Nc6 Bd7 22.
Nd4 Rae8 23. Qf3 Re5 24. b3 Qc5 25. Nf5 Bxf5 26. Bxf5 Rfe8 27. Bc2 a5 28. Rad1 Qc8 29. Bd3 Qg4 30. Qxg4 Nxg4 31. Rb1 R5e7 32. Bf5 Bd4 33. Bxg4 Re2 34. Bxe2 Rxe2 35. Rbd1 Bc5 36. Rd3 Kg7 37. Rf3 g4 38. Rf4 f5 39. Rxf5 g3 40. Kh1 Bxf2 41.
Rf3 Re4 42. R3xf2 Rh4+ 43. Kg1 gxf2+ 44. Rxf2 Rxh5 45. Re2 Rg5 46. Re7+ Kf6 47. Re6+ Kf5 48. Rxh6 1-0